Map: Alcyone LE

Players

demzi - Winner!

  • Race: Zerg Zerg
  • League: Platinum
  • Spawn Location: 1:00

marineking

  • Race: Protoss Protoss
  • Spawn Location: 7:00

VOD

Have the link to the VOD?

Description

Time

  • Played on: March 24, 2024, 10:56 a.m.
  • Length: 12:29
Show
View Real Time Build Order
Export as new Build Order

demzi Zerg - Winner!

Build Orders: Hatch First, Roach Hydra 

Get SALT Encoding   

  12  0:00  Drone  
  13  0:13  Overlord  
  13  0:18  Drone  
  14  0:31  Drone x2  
  16  0:49  Hatchery  
  15  0:53  Drone  
  15  0:56  Drone  
  17  1:00  Drone  
  18  1:08  Extractor  
  17  1:17  Spawning Pool  
  16  1:20  Drone  
  16  1:23  Drone  
  18  1:28  Drone  
  19  1:39  Drone  
  20  1:50  Overlord  
  20  2:09  Queen x2  
  20  2:10  Zergling x4  
  26  2:17  Overlord  
  26  2:21  Drone  
  27  2:39  Hatchery  
  27  2:41  Metabolic Boost  
  26  2:50  Queen  
  28  2:53  Drone  
  29  3:01  Drone x3  
  32  3:13  Drone x4  
  32  3:19  Drone x2  
  38  3:21  Drone  
  38  3:24  Drone  
  40  3:31  Queen  
  42  3:34  Overlord  
  42  3:38  Overlord  
  42  3:44  Lair  
  42  3:53  Drone x2, Extractor  
  42  3:54  Drone  
  42  3:55  Extractor  
  43  3:57  Drone x3  
  43  4:00  Drone  
  43  4:01  Drone  
  49  4:02  Drone  
  49  4:08  Zergling x6  
  53  4:10  Zergling x2  
  52  4:23  Overlord x2  
  52  4:31  Evolution Chamber  
  51  4:32  Evolution Chamber  
  51  4:33  Drone x3  
  51  4:35  Drone, Roach Warren  
  52  4:59  Drone x7  
  59  5:00  Drone x7  
  59  5:03  Drone  
  59  5:04  Drone  
  63  5:09  Zerg Missile Weapons Level 1  
  63  5:12  Zerg Ground Armor Level 1  
  63  5:18  Drone  
  63  5:20  Drone, Baneling Nest  
  63  5:21  Drone, Extractor  
  65  5:22  Drone  
  65  5:24  Drone  
  65  5:27  Extractor, Drone  
  65  5:28  Drone, Extractor  
  67  5:30  Drone  
  67  5:35  Drone x2  
  69  5:42  Overlord  
  69  5:44  Overlord  
  69  5:47  Overlord  
  69  5:49  Hatchery  
  68  5:56  Drone  
  69  5:58  Hydralisk Den  
  68  6:22  Overlord x6  
  68  6:28  Muscular Augments  
  68  6:29  Centrifugal Hooks  
  68  6:32  Roach x8  
  90  6:33  Roach x3  
  90  6:39  Overlord x2  
  90  6:41  Hydralisk x2  
  90  6:42  Hydralisk  
  90  6:44  Hydralisk  
  98  6:47  Hydralisk  
  100  6:59  Drone x7  
  107  7:02  Drone x2  
  107  7:08  Drone x7  
  116  7:10  Zerg Missile Weapons Level 2  
  116  7:12  Zerg Melee Weapons Level 1  
  116  7:14  Glial Reconstitution  
  116  7:17  Zergling x4  
  116  7:19  Zergling x2  
  116  7:22  Overseer  
  119  7:23  Overseer  
  119  7:32  Grooved Spines  
  119  7:41  Extractor, Drone x2  
  119  7:42  Drone x3  
  119  7:43  Extractor, Drone x3  
  125  7:45  Drone x3  
  125  7:50  Hydralisk x3  
  125  7:51  Hydralisk x5  
  134  7:55  Baneling x3  
  134  7:57  Baneling  
  144  7:59  Baneling  
  144  8:01  Zergling x16  
  152  8:08  Drone  
  152  8:09  Drone x2  
  155  8:23  Hydralisk x2  
  155  8:26  Overlord  
  155  8:27  Overlord x4  
  133  8:51  Roach x7  
  133  8:52  Roach x9  
  139  9:15  Roach  
  139  9:16  Roach x12  
  165  9:19  Ravager  
  165  9:20  Ravager  
  165  9:21  Ravager x5  
  172  9:24  Zerg Ground Armor Level 2  
  172  9:28  Infestation Pit, Hydralisk  
  172  9:29  Hydralisk x2  
  177  9:32  Zergling x4  
  179  9:44  Overlord x3  
  180  9:45  Zergling x2  
  180  9:46  Zergling x8  
  184  10:05  Zergling x26  
  197  10:08  Baneling x12  
  197  10:10  Zerg Melee Weapons Level 2  
  197  10:11  Tunneling Claws  
  197  10:14  Hive  
  168  11:19  Hydralisk  
  168  11:20  Hydralisk x11, Roach  
  168  11:21  Zergling x14  
  168  11:22  Zergling x20  
Show
View Real Time Build Order
Export as new Build Order

marineking Protoss 

Build Orders: 1 Gate Expand 

Get SALT Encoding   

  12  0:02  Probe  
  13  0:14  Probe  
  14  0:24  Pylon  
  14  0:27  Probe  
  15  0:42  Probe  
  16  0:43  Gateway  
  16  0:54  Probe  
  16  0:56  Gateway  
  17  1:20  Nexus  
  17  1:33  Cybernetics Core  
  17  1:37  Zealot  
  19  1:43  Zealot  
  21  1:48  Assimilator  
  21  1:51  Probe  
  22  1:59  Pylon  
  22  2:12  Shield Battery  
  22  2:18  Probe (Chrono Boost)  
  22  2:21  Assimilator  
  24  2:30  Probe (Chrono Boost)  
  24  2:33  Gateway  
  24  2:35  Probe (Chrono Boost)  
  24  2:36  Probe (Chrono Boost)  
  26  2:40  Shield Battery  
  26  2:41  Warp Gate (Chrono Boost)  
  26  2:50  Probe x2  
  28  3:02  Probe x2  
  30  3:11  Pylon  
  30  3:14  Probe x2  
  32  3:26  Probe  
  32  3:27  Adept x2, Probe  
  34  3:32  Adept  
  40  3:38  Probe  
  40  3:39  Probe  
  42  3:42  Twilight Council  
  42  3:46  Gateway  
  42  3:51  Probe x2  
  44  4:19  Charge (Chrono Boost)  
  44  4:22  Probe x2  
  46  4:29  Pylon  
  46  4:34  Probe x2  
  42  5:07  Zealot x4  
  42  5:11  Assimilator  
  42  5:13  Assimilator  
  42  5:14  Pylon, Probe x2  
  52  5:18  Pylon  
  52  5:19  Pylon  
  52  5:23  Robotics Facility  
  52  5:26  Probe x2  
  54  5:32  Stalker x2  
  54  5:33  Stalker x2  
  62  5:38  Gateway, Probe x2  
  62  5:40  Gateway  
  62  5:41  Pylon  
  64  5:43  Forge  
  64  5:46  Forge  
  64  5:47  Blink  
  64  5:56  Stalker x3  
  70  5:57  Stalker  
  70  6:00  Probe  
  73  6:10  Observer  
  74  6:12  Protoss Ground Weapons Level 1 (Chrono Boost)  
  74  6:13  Protoss Ground Armor Level 1 (Chrono Boost)  
  74  6:30  Nexus  
  74  6:33  Pylon  
  74  6:38  Zealot x4  
  82  6:45  Observer  
  83  6:52  Shield Battery  
  83  6:54  Shield Battery  
  83  7:04  Pylon  
  83  7:07  Observer  
  84  7:09  Robotics Facility  
  84  7:10  Pylon  
  84  7:11  Photon Cannon  
  84  7:14  Shield Battery  
  84  7:15  Photon Cannon  
  84  7:17  Shield Battery  
  84  7:26  Pylon, Probe x2  
  86  7:34  Robotics Bay  
  86  7:38  Probe x2  
  88  7:44  Assimilator  
  88  7:46  Shield Battery  
  88  7:48  Photon Cannon, Probe  
  88  7:50  Assimilator, Probe x2  
  91  8:00  Probe  
  91  8:02  Photon Cannon, Probe x2  
  94  8:07  Pylon  
  94  8:10  Photon Cannon  
  94  8:12  Probe  
  95  8:39  Zealot x4  
  95  8:40  Zealot  
  95  8:41  Nexus  
  105  8:43  Pylon  
  105  8:45  Pylon  
  97  8:53  Stalker  
  93  9:01  Extended Thermal Lance (Chrono Boost), Colossus x2  
  97  9:14  Shield Battery  
  97  9:16  Shield Battery  
  97  9:31  Photon Cannon  
  97  9:34  Photon Cannon  
  97  9:36  Probe x3  
  97  9:37  Protoss Ground Weapons Level 2 (Chrono Boost), Photon Cannon  
  100  9:39  Protoss Shields Level 1 (Chrono Boost)  
  100  9:40  Shield Battery  
  100  9:52  Colossus (Chrono Boost)  
  100  9:55  Colossus (Chrono Boost)  
  112  10:15  Stalker x5  
  122  10:32  Probe  
  123  10:35  Probe  
  123  10:36  Probe  
  123  10:38  Colossus  
  123  10:39  Probe  
  123  10:41  Colossus  
  138  10:55  Assimilator  
  138  10:57  Assimilator  
  138  10:58  Pylon  
  138  11:04  Photon Cannon  
  138  11:07  Photon Cannon  
  138  11:10  Zealot x3  
  138  11:11  Zealot, Photon Cannon  
  122  11:20  Zealot  
  122  11:21  Zealot  
  92  11:31  Stalker x2  
  92  11:32  Disruptor, Stalker x2  
  89  11:35  Disruptor  
  84  11:44  Gateway  
  77  11:47  Gateway, Pylon  
  77  11:51  Zealot  
  77  11:52  Zealot  
  81  11:57  Zealot x3  
  85  12:01  Zealot  
  63  12:12  Stalker  
  63  12:13  Stalker  
Tags
 
Composition
Roach Hydra
League
Platinum
Matchup
PvZ
Replay Pack
Multiplayer
Spawn Locations
Cross Positions
Add a new tag
Caveats
  • Supply blocks, unpowered buildings, or Contaminate may cause inaccurate times.
  • Supply counts are checked every 10 seconds.